 Dungeon Crawl Stone Soup version 0.21.1-1-g345015f (webtiles) character file.

35 letownia2 the Magician (level 3, 0/24 HPs)
             Began as a Merfolk Wizard on Mar 10, 2018.
             Slain by an adder (3 damage)
             ... on level 3 of the Dungeon.
             The game lasted 00:05:17 (889 turns).

letownia2 the Magician (Merfolk Wizard)              Turns: 889, Time: 00:05:18

Health: 0/24       AC:  4    Str:  7 (8)  XL:     3   Next: 35%
Magic:  2/7        EV: 12    Int: 16 (17) God:
Gold:   54         SH:  0    Dex: 11 (12) Spells: 2/8 levels left

rFire    . . .     SeeInvis .   g - +0 spear
rCold    . . .     Gourm    .   (no shield)
rNeg     . . .     Faith    .   s - +0 leather armour
rPois    .         Spirit   .   b - +0 hat
rElec    .         Reflect  .   (no cloak)
rCorr    .         Harm     .   m - +0 pair of gloves
MR       .....                  (no boots)
Stlth    ++........             (no amulet)
HPRegen  0.08/turn              (no ring)
MPRegen  0.10/turn              (no ring)

@: lethally poisoned (0 -> -9)
A: change form in water, swift swim, stealthy swim
a: no special abilities


You were on level 3 of the Dungeon.
You were hungry.

You visited 1 branch of the dungeon, and saw 4 of its levels.

You collected 54 gold pieces.

Inventory:

Hand Weapons
 g - a +0 spear (weapon)
 p - a +0 trident
Armour
 a - a +0 robe
 b - a +0 hat (worn)
 l - a +0 scale mail
 m - a +0 pair of gloves (worn)
 s - a +0 leather armour (worn)
Scrolls
 f - 5 scrolls of identify {unknown}
 j - 2 scrolls of teleportation {unknown}
 n - a scroll of immolation {unknown}
 r - a scroll of remove curse {unknown}
Potions
 e - 2 potions of haste
 h - a potion of heal wounds
 k - a potion of invisibility {unknown}
 q - a potion of might {unknown}
 t - a potion of curing {unknown}
Books
 c - a book of Minor Magic

   Spells                             Type                      Level
   a - Magic Dart                     Conjuration                  1
   b - Blink                          Translocation                2
   c - Call Imp                       Summoning                    2
   d - Slow                           Hexes                        2
   e - Conjure Flame                  Conjuration/Fire             3
   f - Mephitic Cloud                 Conjuration/Poison/Air       3
Comestibles
 d - 3 rations
 o - 2 chunks of flesh


   Skills:
 + Level 2.6 Polearms
 - Level 2.6 Dodging
 - Level 2.1 Stealth
 - Level 3.0 Spellcasting
 - Level 1.4 Conjurations
 + Level 1.9 Summonings
   Level 0.7 Translocations


You had 2 spell levels left.
You knew the following spells:

 Your Spells              Type           Power        Failure   Level  Hunger
a - Magic Dart            Conj           #...         16%         1    #......
e - Mephitic Cloud        Conj/Pois/Air  #.......     56%         3    ###....
i - Call Imp              Summ           #.......     19%         2    ##.....


Dungeon Overview and Level Annotations

Branches:
Dungeon (4/15)
 Temple: D:4-7

Altars:


Message History

Attack whom?
Press: ? - help, Dir - move target cursor, f - adder, p - adder
Aim: an adder (severely wounded)
You hit the adder.
The adder is almost dead.
The adder bites you.
* * * LOW HITPOINT WARNING * * *
You are more poisoned.
The adder poisons you!
Your crimson imp hits the hobgoblin.
The hobgoblin dies!
The adder closely misses you.
The kobold hits your crimson imp but does no damage.
Your magical contamination has completely faded away.
Unknown command.
It was a potion of degeneration.
There was something very wrong with that liquid.
You feel weakened.
You feel dopey.
You feel clumsy.
* * * LOW HITPOINT WARNING * * *
You feel sick. The adder bites you.
You die...

#.
#.#...........#.#####.###..
#..##.............#.# #.#
### #.................#.#
#.# # #...g......#.....##.#
#.# # #...S..g..##.....##.#
#.# # ...#####.###.#.#.##.#
#.##### .#####.###.#.#.##.#
#......
#...........#S#.##.#
#######
........#K5)S@#.##.# ##
###.#.###.#####.)..# #. #
#. #.# ###### #. #. #.# #.
# #.# ## #S# #.# ###### ...
...... ######


You could see 2 adders, a kobold and a friendly crimson imp.

Vanquished Creatures
  An adder (D:4)
  A dart slug (D:2)
  An orc (D:3)
  A ball python (D:1)
  A goblin (D:2)
  3 hobgoblins
  3 jackals (D:2)
  2 kobolds
  A quokka (D:2)
  A bat (D:3)
  3 rats
18 creatures vanquished.

Vanquished Creatures (collateral kills)
  An adder (D:3)
  A hobgoblin (D:3)
2 creatures vanquished.

Grand Total: 20 creatures vanquished

Notes
Turn   | Place    | Note
-------+----------+-------------------------------------------
     0 | D:1      | letownia2 the Merfolk Wizard began the quest for the Orb.
     0 | D:1      | Reached XP level 1. HP: 13/13 MP: 4/4
    17 | D:1      | Reached skill level 1 in Conjurations
   155 | D:2      | Reached skill level 1 in Polearms
   155 | D:2      | Reached XP level 2. HP: 14/19 MP: 0/6
   168 | D:2      | Learned a level 2 spell: Call Imp
   657 | D:4      | Reached XP level 3. HP: 17/24 MP: 2/7
   662 | D:4      | Learned a level 3 spell: Mephitic Cloud
   889 | D:3      | Slain by an adder

Skill      XL: |  1  2 |
---------------+-------+-----
Conjurations   | 1 |  1.4
Polearms       | 1 2 |  2.6
Dodging        | |  2.6
Stealth        | |  2.1
Spellcasting   | |  3.0
Summonings     | |  1.9
Translocations | |  0.7

Action                   || total
-------------------------++-------
Melee: Spear             ||    58
 Cast: Magic Dart        ||    32
       Call Imp          ||     8
  Use: Potion            ||     3
 Stab: Sleeping          ||     2
Armor: Robe              ||     8
       Leather armour    ||     6
Dodge: Dodged            ||    39
